cohdb
Replays
Latest Replays
All Replays
Popular Replays
Top Player Replays
Match Explorer
How It Works
Community
CoH3 Stats
Reddit
Sign in to upload your games and track your stats! →
Sign in with Steam
Match 44797728
Unlisted
Match 44797728
Overview
Messages
Build Orders
End
Construct Infanterie Kompanie
Pioneer Squad
Pioneer Squad
Selects Breakthrough Battlegroup
Selects Assault Grenadiers
Grenadier Squad
Grenadier Squad
Infanterie Officer Quarters
MG 42 Machine Gun Team
Construct Luftwaffe Kompanie
Jäger Squad
Selects Breakthrough
Selects Mechanized Assault Group
Medical Bunker
Mechanized Assault Group
Construct Panzer Kompanie
Panzer IV Medium Tank
Selects Rapid Production
Side Skirts
Panzer IV Medium Tank
Selects Blitzkrieg
Panzer IV Medium Tank
Panzer IV Medium Tank
Blitzkrieg
咚咚锵个腿
Maximus Jenius
0
0
Comments
sign in to comment!
No comments posted yet!